 Dungeon Crawl Stone Soup version 0.18.1-48-g4cf74bf (console) character file.

198 Kloppie the Skirmisher (level 5, -5/47 HPs)
             Began as a Draconian Berserker on Aug 16, 2016.
             Was a Believer of Trog.
             Killed from afar by Natasha (11 damage)
             ... with a magic dart
             ... on level 3 of the Dungeon.
             The game lasted 00:02:44 (2092 turns).

Kloppie the Skirmisher (Draconian Berserker)        Turns: 2092, Time: 00:02:45

Health: -5/47      AC:  5    Str: 19    XL:     5   Next: 47%
Magic:  5/5        EV:  8    Int:  7    God:    Trog [**....]
Gold:   63         SH:  0    Dex: 12    Spells: 0 memorised, 4 levels left

rFire  . . .     SeeInvis .     a - +0 spear (flame)
rCold  . . .     Gourm    .     (armour unavailable)
rNeg   . . .     Faith    .     (no shield)
rPois  .         Spirit   .     (helmet restricted)
rElec  .         Dismiss  .     (no cloak)
rCorr  .         Reflect  .     (no gloves)
SustAt .         Harm     .     (no boots)
MR     .....                    (no amulet)
Stlth  +.........               (no ring)
                                (no ring)

@: slowed, very slow, not resistant to hostile enchantments, very unstealthy
A: unfitting armour, cold-blooded, AC +5
a: Berserk, Trog's Hand, Burn Spellbooks, Renounce Religion


You were on level 3 of the Dungeon.
You worshipped Trog.
Trog was pleased with you.
You were not hungry.

You visited 1 branch of the dungeon, and saw 3 of its levels.

You collected 63 gold pieces.

Inventory:

Hand Weapons
 a - a +0 spear of flaming (weapon)
 q - a +0 spear
Jewellery
 m - an uncursed amulet of guardian spirit {unknown}
Scrolls
 i - 10 scrolls of identify {unknown}
 j - 2 scrolls of teleportation {unknown}
 k - 2 scrolls of remove curse {unknown}
 o - a scroll of magic mapping {unknown}
Potions
 d - a potion of brilliance {unknown}
 e - a potion of haste {unknown}
 l - 2 potions of cancellation {unknown}
 n - a potion of flight {unknown}
 p - 2 potions of magic {unknown}
Comestibles
 b - 2 bread rations
 c - a chunk of flesh
 f - 2 slices of pizza
 g - a meat ration
 h - a royal jelly


   Skills:
 + Level 4.8 Fighting
 + Level 4.3 Polearms
 + Level 3.9 Dodging


You had 4 spell levels left.
You didn't know any spells.

Dungeon Overview and Level Annotations

Branches:
Dungeon (3/15)

Altars:
Ru

Annotations:
D:3 Natasha


Innate Abilities, Weirdness & Mutations

Your plain brown scales are hard (AC +5).
Your body does not fit into most forms of armour.
You are cold-blooded and may be slowed by cold attacks.


Message History

You hit Natasha. You burn Natasha.
Natasha is almost dead.
The crimson imp blinks!
Natasha casts a spell at you. The magic dart hits you!
* * * LOW HITPOINT WARNING * * *
You hit Natasha. You burn Natasha.
You kill Natasha!
Trog accepts your kill.
Trog appreciates your killing of a magic user.
Natasha growls in agony!
The crimson imp disappears in a puff of smoke!
Natasha, Servant of Life and Death comes into view.
Your skin stops crawling.
You feel less resistant to hostile enchantments.
Found 9 gold pieces.
There is a stone staircase leading down here.
Natasha stares at you and mumbles some strange words.
The magic dart hits you!
You die...

... #'# ###
#.##.. #.#.#
#####.(#
..%##......####
.......@......#
...........##.#
...........#
...##.....#.#
.. #####.##.. $
#h# ###
##.########
#.........# ###
#..######.#


You could see Natasha.

Vanquished Creatures
  The ghost of Trencher the Chopper, an amateur HOGl (D:3)
  Natasha (D:3)
  An adder (D:2)
  An ooze (D:2)
  3 worms
  2 dart slugs
  2 giant geckos (D:1)
  An orc (D:3)
  A ball python (D:1)
  8 bats
  5 giant cockroaches
  3 goblins
  6 hobgoblins
  6 jackals
  6 kobolds
  3 quokkas (D:2)
  A giant newt (D:1)
  5 rats
56 creatures vanquished.

Vanquished Creatures (others)
  2 plants (D:1)
2 creatures vanquished.

Grand Total: 58 creatures vanquished

Notes
Turn   | Place    | Note
--------------------------------------------------------------
     0 | D:1      | Kloppie the Draconian Berserker began the quest for the Orb.
     0 | D:1      | Reached XP level 1. HP: 19/19 MP: 1/1
    78 | D:1      | Reached XP level 2. HP: 13/26 MP: 2/2
   545 | D:1      | HP: 2/40 [worm (6)]
   546 | D:1      | Reached ** piety under Trog
   546 | D:1      | Reached XP level 3. HP: 2/33 MP: 3/3
  1193 | D:2      | Found a sacrificial altar of Ru.
  1299 | D:2      | Reached XP level 4. HP: 28/40 MP: 4/4
  1421 | D:2      | Found a faded altar to an unknown god.
  1980 | D:3      | Noticed Natasha
  1980 | D:3      | Noticed Trencher's ghost (amateur HOGl)
  2042 | D:3      | Killed Trencher's ghost
  2042 | D:3      | Reached XP level 5. HP: 37/47 MP: 5/5
  2087 | D:3      | HP: 2/47 [Natasha/magic dart (3)]
  2088 | D:3      | Killed Natasha
  2090 | D:3      | Noticed Natasha
  2092 | D:3      | Killed from afar by Natasha

Skill      XL: |  1  2  3  4 |
---------------+-------------+-----
Dodging        | 3 |  3.9
Fighting       | 4 |  4.8
Polearms       | 4 |  4.3

Action                   |  1- 3 |  4- 6 || total
-------------------------+-------+-------++-------
Melee: Spear             |   158 |    70 ||   228
       Tailslap          |    18 |    11 ||    29
Invok: Berserk           |     1 |     1 ||     2
       Trog's Hand       |       |     2 ||     2
 Stab: Sleeping          |     1 |     2 ||     3
  Eat: Chunk             |     3 |     3 ||     6
Armor: Skin              |    36 |     5 ||    41
Dodge: Dodged            |    54 |    34 ||    88
